 Dungeon Crawl Stone Soup version 0.28.0-49-g6dfe1f597d (webtiles) character file.

Game seed: 16290726798118601502

56 H0rd4k the Charlatan (level 4, -6/32 HPs)
             Began as a Human Artificer on May 18, 2022.
             Splashed by a jelly's acid (9 damage)
             ... on level 3 of the Dungeon.
             The game lasted 00:02:05 (2167 turns).

H0rd4k the Charlatan (Human Artificer)              Turns: 2167, Time: 00:02:06

Health: -6/32      AC: -4    Str: 12    XL:     4   Next: 15%
Magic:  0/4        EV: 11    Int: 14    God:
Gold:   68         SH:  0    Dex: 13    Spells: 3/3 levels left

rFire   . . .      SeeInvis .   g - +2 dagger (drain)
rCold   . . .      Faith    .   (no shield)
rNeg    . . .      Spirit   +   b - +0 leather armour
rPois   .          Reflect  .   (no helmet)
rElec   .          Harm     .   (no cloak)
rCorr   .          Rampage  .   (no gloves)
Will    .....                   (no boots)
Stlth   +.........              k - amulet of guardian spirit
HPRegen 0.10/turn               (no ring)
MPRegen 0.09/turn               (no ring)

@: corroded
A: no striking features
a: no special abilities


You were on level 3 of the Dungeon.
You visited 1 branch of the dungeon, and saw 3 of its levels.

You collected 68 gold pieces.

Inventory:

Hand Weapons
 a - a +0 club
 g - a +2 dagger of draining (weapon)
Armour
 b - a +0 leather armour (worn)
Jewellery
 k - an amulet of guardian spirit (around neck)
Wands
 c - a wand of flame (14) (quivered)
 d - a wand of charming (11)
Scrolls
 h - a scroll of magic mapping {unknown}
 i - a scroll of identify {unknown}
 m - a scroll of teleportation {unknown}
 n - a scroll of fog {unknown}
Potions
 f - 3 potions of curing {unknown}
 j - a potion of lignification {unknown}
 l - a potion of haste {unknown}
 o - a potion of degeneration {unknown}
Miscellaneous
 e - a piece from Xom's chessboard (15/15)


   Skills:
 + Level 1.5 Fighting
 + Level 0.7 Short Blades
 + Level 2.3 Armour
 + Level 1.2 Dodging
 + Level 1.1 Stealth
 + Level 4.0 Evocations


You had 3 spell levels left.
You didn't know any spells.
Your spell library contained the following spells:

 Spells                   Type           Power      Damage    Failure   Level
 Sandblast                Erth           0%         2d4       36%         1
 Passwall                 Tmut/Erth      0%         N/A       50%         2
 Frozen Ramparts          Ice            0%         1d2       73%         3
 Stone Arrow              Conj/Erth      0%         3d7       73%         3
 Ice Form                 Ice/Tmut       0%         N/A       98%         4
 Summon Ice Beast         Ice/Summ       0%         N/A       98%         4


Dungeon Overview and Level Annotations

Branches:
Dungeon (3/15)

Altars:

Shops:
D:2 *


Message History

The jackal barks!
The jackal barely misses you. x2
You hit the jackal.
The jackal is heavily wounded.
The jackal closely misses you.
You hit the jackal.
You kill the jackal!
A jelly comes into view.
Found a stone staircase leading down.
Found a scroll labelled UTOOROVASM and a hunting sling.
The jelly quivers.
A kobold comes into view. It is wielding a +0 dagger.
There is a stone staircase leading down here.
You see here a scroll labelled UTOOROVASM.
Aiming: Throw Flame
Press: ? - help, Shift-Dir - straight line, f - jelly
Aim: a jelly (100% to hit)
The puff of flame hits the jelly!
The jelly is heavily wounded.
You hit the jelly.
Your hands burn!
The jelly is heavily wounded.
The jelly barely misses you.
You hit the jelly.
Your hands burn!
The jelly is severely wounded.
The jelly hits you. The acid corrodes you!
You are splashed with acid.
You hit the jelly but do no damage. You drain the jelly. The acid corrodes you!
Your hands burn!
The jelly is almost dead.
The jelly closely misses you.
You hit the jelly but do no damage. You drain the jelly.
Your hands burn!
The jelly is almost dead.
The jelly hits you.
You are splashed with acid!
* * * LOW HITPOINT WARNING * * *
You hit the jelly but do no damage.
Your hands burn!
* * * LOW HITPOINT WARNING * * *
The jelly is almost dead.
The jelly hits you.
* * * LOW HITPOINT WARNING * * *
You are splashed with acid!
You die...

#### ....
#..# ...
##..## K..
#....#
..##)...##
#.#.J@...#
#.#..##..#
#..?##
...# ##>##
....
#.#### ###
#....#
.....
####.#
....8. #.#
.......
#.#


You could see a jelly (drained).

Vanquished Creatures
  A worm (D:3)
  2 dart slugs (D:1)
  6 ball pythons
  3 endoplasms
  3 giant cockroaches
  4 goblins
  5 hobgoblins
  2 jackals (D:3)
  6 kobolds
  A quokka (D:1)
  3 bats
  2 frilled lizards
  5 rats
43 creatures vanquished.

Vanquished Creatures (collateral kills)
  A goblin (D:1)
1 creature vanquished.

Vanquished Creatures (others)
  A goblin (D:1)
1 creature vanquished.

Grand Total: 45 creatures vanquished

Notes
Turn   | Place    | Note
-------+----------+-------------------------------------------
     0 | D:1      | H0rd4k the Human Artificer began the quest for the Orb.
     0 | D:1      | Reached XP level 1. HP: 15/15 MP: 1/1
   163 | D:1      | Reached XP level 2. HP: 21/21 MP: 2/2
   640 | D:1      | Reached XP level 3. HP: 16/26 MP: 3/3
  1663 | D:2      | Found Caashreub's Assorted Antiques.
  1939 | D:3      | Reached XP level 4. HP: 32/32 MP: 4/4
  1960 | D:3      | Reached skill level 4 in Evocations
  2167 | D:3      | Splashed by a jelly's acid

Illustrated notes

Levels and vault maps discovered:
D:1:      eino_arrival_cavern_d, layout_loops_cross, st_stairs_12,
          serial_park_tiny_2
D:2:      layout_loops_ring, serial_shops, nicolae_square_shop
D:3:      layout_loops_ring, portal_sewer_entry_b, biasface_ghost_orc_armoury,
          st_stairs_1, minmay_misc_feat_x

Skill      XL: |  1  2  3  4 |
---------------+-------------+-----
Evocations     | 4 |  4.0
Fighting       | |  1.5
Short Blades   | |  0.7
Armour         | |  2.3
Dodging        | |  1.2
Stealth        | |  1.1

Action                   |  1- 3 |  4- 6 || total
-------------------------+-------+-------++-------
Melee: Dagger            |    96 |    27 ||   123
       Punch             |     3 |       ||     3
Evoke: Wand              |     4 |     1 ||     5
 Stab: Sleeping          |     4 |     1 ||     5
Armor: Leather armour    |    14 |     2 ||    16
Dodge: Dodged            |    45 |     9 ||    54
